 Dungeon Crawl Stone Soup version 0.30-a0-830-gfe289a77b0 (webtiles) character file.

Game seed: 2084855744477919584

12 Juicyj the Ducker (level 2, -18/25 HPs)
             Began as a Gnoll Wanderer on Feb 28, 2023.
             Demolished by an ogre
             ... wielding a +0 giant spiked club
              (30 damage)
             ... on level 2 of the Dungeon.
             The game lasted 00:02:01 (923 turns).

Juicyj the Ducker (Gnoll Wanderer)                   Turns: 923, Time: 00:02:02

Health: -18/25     AC:  4    Str:  8    XL:     2   Next: 33%
Magic:  0/5        EV: 15    Int: 11    God:
Gold:   83         SH:  0    Dex: 14    Spells: 5/6 levels left

rFire   . . .      SeeInvis .    e - +1 rapier (speed)
rCold   . . .      Faith    .    (no shield)
rNeg    . . .      Spirit   .    d - +0 robe
rPois   .          Reflect  .    (helmet restricted)
rElec   .          Harm     .    b - +0 cloak
rCorr   .          Rampage  .    (no gloves)
Will    .....                    (no boots)
Stlth   ++                       (no amulet)
HPRegen 0.24/turn                (no ring)
MPRegen 0.09/turn                (no ring)

@: no status effects
A: fangs 1, strong nose, distributed training, horns 1, robust 1, shaggy fur 1
a: no special abilities


You were on level 2 of the Dungeon.
You visited 1 branch of the dungeon, and saw 2 of its levels.

You collected 83 gold pieces.

Inventory:

Hand Weapons
 a - a +1 falchion
 e - a +1 rapier of speed (weapon)
Armour
 b - a +0 cloak (worn)
 d - a +0 robe (worn)
Scrolls
 c - a scroll of fear


   Skills:
 + Level 2.5 Fighting
 + Level 0.4 Short Blades
 + Level 2.5 Long Blades
 + Level 0.4 Axes
 + Level 0.4 Maces & Flails
 + Level 0.4 Polearms
 + Level 0.4 Staves
 + Level 0.4 Ranged Weapons
 + Level 0.4 Throwing
 + Level 0.4 Armour
 + Level 6.5 Dodging
 + Level 2.2 Stealth
 + Level 0.4 Shields
 + Level 0.4 Unarmed Combat
 + Level 2.7 Spellcasting
 + Level 0.2 Conjurations
 + Level 0.2 Hexes
 + Level 0.2 Summonings
 + Level 0.2 Necromancy
 + Level 0.2 Translocations
 + Level 0.2 Transmutations
 + Level 0.2 Fire Magic
 + Level 0.2 Ice Magic
 + Level 0.2 Air Magic
 + Level 0.2 Earth Magic
 + Level 5.3 Poison Magic
 + Level 0.5 Invocations
 + Level 0.4 Evocations


You had 5 spell levels left.
You knew the following spells:

 Your Spells              Type           Power      Damage    Failure   Level
a - Sting                 Tmut/Pois      28%        1d4       9%          1

Your spell library contained the following spells:

 Spells                   Type           Power      Damage    Failure   Level
 Olgreb's Toxic Radiance  Pois           13%        N/A       30%         4
 Sublimation of Blood     Necr           2%         N/A       36%         2
 Wereblood                Tmut           2%         N/A       36%         2
 Ignite Poison            Fire/Tmut/Pois 5%         N/A       36%         3
 Summon Hydra             Summ           1%         N/A       100%        7


Dungeon Overview and Level Annotations

Branches:
Dungeon (2/15)

Altars:


Innate Abilities, Weirdness & Mutations

You have very sharp teeth.
Your uncanny sense of smell can sniff out nearby items.
Your experience applies equally to all skills.
You have a pair of small horns on your head.
You are robust. (+10% HP)
You are covered in fur. (AC +1)


Message History

Things that are here:
a +1 rapier of speed; a bat corpse; a frilled lizard corpse
e - a +1 rapier of speed The ogre shouts!
Okay, then.
Your hands tingle!
e - a +1 rapier of speed (weapon)
Okay, then.
You miscast Sting.
You are very lightly contaminated with residual magic.
Nothing appears to happen.
The sting hits the ogre.
The ogre is poisoned.
The ogre is lightly wounded.
The ogre attacks as you move away! The ogre barely misses you.
You hit the ogre.
The ogre is lightly wounded.
You barely miss the ogre. Your bite misses the ogre.
The ogre is lightly wounded.
The ogre barely misses you.
You hit the ogre.
The ogre is moderately wounded.
You hit the ogre.
The ogre is heavily wounded.
The ogre hits you with a +0 giant spiked club!
Ouch! That really hurt!
Casting: Sting (safe; 9% risk of failure)
Confirm with . or Enter, or press ? or * to list all spells.
Aiming: Sting (safe; 9% risk of failure)
Press: ? - help, Shift-Dir - straight line, f/p - ogre
Aim: an ogre, wielding a +0 giant spiked club (heavily wounded, poisoned, 85% to hit)
The sting hits the ogre.
The ogre looks even sicker.
The ogre is heavily wounded.
The ogre barely misses you.
Your magical contamination has completely faded away.
You hit the ogre.
The ogre is severely wounded.
The ogre attacks as you move away!
The ogre hits you with a +0 giant spiked club!!
Ouch! That really hurt!
You die...

##+#.......#
#..........#
#..........#
#..........###
##.............
...............
.......†.......
#....[#O.......
#.... #@.......
......>...#####
#.#+#.###.# #
#. .# # .. ...
∆..# .#


You could see an ogre (very poisoned).

Vanquished Creatures
  A giant cockroach (D:1)
  2 kobolds (D:1)
  A quokka (D:1)
  5 bats
  2 frilled lizards (D:2)
  2 rats (D:1)
13 creatures vanquished.

Notes
Turn   | Place    | Note
-------+----------+-------------------------------------------
     0 | D:1      | Juicyj the Gnoll Wanderer began the quest for the Orb.
     0 | D:1      | Juicyj set off with the following items: a +0 falchion, a
                  | +0 cloak, a scroll of fear, a +0 robe; and the following
                  | spell memorised: Sting; and the following spells available
                  | to memorise: Olgreb's Toxic Radiance, Ignite Poison.
     0 | D:1      | Reached XP level 1. HP: 17/17 MP: 4/4
   560 | D:1      | Reached XP level 2. HP: 23/23 MP: 3/5
   870 | D:1      | Gained mutation: You have a pair of small horns on your
                  | head. [potion of mutation]
   870 | D:1      | Gained mutation: You are covered in fur. (AC +1) [potion of
                  | mutation]
   870 | D:1      | Gained mutation: You are robust. (+10% HP) [potion of
                  | mutation]
   905 | D:2      | Noticed an ogre
   923 | D:2      | Demolished by an ogre

Illustrated notes

Levels and vault maps discovered:
D:1:      beargit_arrival_diablo_church, layout_basic, minmay_misc_feat_rows,
          nicolae_concentric_dashed_squares_wild
D:2:      layout_basic, chequers_serial_rivers_large_a

Action                     || total
---------------------------++-------
  Melee: Falchion          ||     1
         Bite              ||     1
         Rapier            ||     5
   Cast: Sting             ||    15
    Use: Potion            ||     2
         Scroll            ||     1
  Dodge: Dodged            ||     9

Table legend: (Time is in decaauts)
 A = Elapsed time spent in this place.
 B = Non-inter-level travel time spent in this place.
 C = Inter-level travel time spent in this place.
 D = Time resting spent in this place.
 E = Time spent auto-exploring this place.
 F = Levels seen in this place.
 G = Mean time per level.
                   A        B        C        D        E       F      G
               +--------+--------+--------+--------+--------+-----+--------+
         Total |    921 |    893 |     28 |      0 |    805 |   2 |  460.5 |
       Dungeon |    921 |    893 |     28 |      0 |    805 |   2 |  460.5 |
               +--------+--------+--------+--------+--------+-----+--------+

Top non-repeatable levels by time:
     D:1: 905 daAuts
     D:2: 15 daAuts
